 Dungeon Crawl Stone Soup version 0.24.0-37-gcf1ca852f1 (webtiles) character file.

Game seed: 9350016456062969890, levelgen mode: deterministic

76 Descartes the Ducker (level 4, 0/22 HPs)
             Began as a Felid Monk on Dec 7, 2019.
             Slain by an ice beast (5 damage)
             ... on level 3 of the Dungeon.
             The game lasted 00:05:35 (3292 turns).

Descartes the Ducker (Felid Monk)                   Turns: 3292, Time: 00:05:36

Health: 0/22       AC:  1    Str:  8    XL:     4   Next: 12%
Magic:  14/14      EV: 21    Int: 11    God:
Gold:   105        SH:  0    Dex: 18    Spells: 3/3 levels left
                                        Lives:  0   Deaths: 1

rFire    . . .     SeeInvis +     - Unarmed
rCold    . . .     Gourm    .   (shield unavailable)
rNeg     . . .     Faith    .   (armour unavailable)
rPois    .         Spirit   .   (helmet unavailable)
rElec    .         Reflect  .   (cloak unavailable)
rCorr    .         Harm     .   (gloves unavailable)
MR       .....                  (boots unavailable)
Stlth    +++.......             (no amulet)
HPRegen  0.07/turn              o - ring of magical power
MPRegen  0.14/turn              (no ring)

@: quick
A: very small, no armour, no weapons or thrown items, stealth, claws 1, fangs 3,
see invisible, carnivore, speed 1, shaggy fur 1, slow metabolism 1, sharp paws
a: no special abilities


You were on level 3 of the Dungeon.
You were very full.

You visited 1 branch of the dungeon, and saw 4 of its levels.

You collected 105 gold pieces.

Inventory:

Missiles
 g - 37 stones
Jewellery
 o - a ring of magical power (left paw)
Wands
 u - a wand of polymorph (10)
Scrolls
 d - 2 scrolls of amnesia {unknown}
 e - a scroll of remove curse {unknown}
 h - 2 scrolls of teleportation {unknown}
 i - a scroll of noise {unknown}
 j - 3 scrolls of fog {unknown}
 k - 2 scrolls of identify {unknown}
 m - a scroll of immolation {unknown}
 r - a scroll of magic mapping {unknown}
 s - a scroll of fear {unknown}
Potions
 b - 2 potions of lignification {unknown}
 c - 2 potions of curing
 f - a potion of flight {unknown}
 l - 2 potions of heal wounds {unknown}
 n - a potion of agility {unknown}
 p - a potion of brilliance {unknown}
 t - a potion of haste {unknown}
Comestibles
 a - 6 rations


   Skills:
 + Level 3.6 Fighting
 + Level 5.1 Dodging
 + Level 3.9 Stealth
 * Level 4.2 Unarmed Combat


You had 3 spell levels left.
You didn't know any spells.
Your spell library was empty.

Dungeon Overview and Level Annotations

Branches:
Dungeon (4/15)
 Temple: D:4-7

Altars:
Ashenzari
Cheibriados
Yredelemnul


Innate Abilities, Weirdness & Mutations

You cannot wear armour.
You are incapable of wielding weapons or throwing items.
Your paws allow you to move quietly. (Stealth)
You have sharp claws.
You have razor-sharp teeth.
You have supernaturally acute eyesight. (SInv)
You are carnivorous and can eat meat at any time.
You cover ground quickly.
You are covered in fur. (AC +1)
You have a slow metabolism.
Your sharp claws are effective at attacking unaware monsters.


Message History

The ice beast closely misses you.
You see here a +0 mace.
You start resting.
HP restored.
Done exploring.
You scratch the ice beast but do no damage.
Your bite misses the ice beast. The ice beast hits you.
The ice beast freezes you!
Ouch! That really hurt!
* * * LOW HITPOINT WARNING * * *
You are too injured to fight recklessly!
You are too injured to fight recklessly!
You scratch the ice beast.
You bite the ice beast, but do no damage.
The ice beast is moderately wounded.
The ice beast hits you but does no damage.
You scratch the ice beast but do no damage.
The ice beast is moderately wounded.
The ice beast hits you.
You die...

#.###........<#.....#
#.####.###.####.....#
#.............#..[..#
#######.##.##.#.....# #########
#.....#.##.#.....# #.......#
#.###.#.##.#.....####.......# #.#
#....#.#.....'..........#
##.####.[.#.#.....###........#
###.....รท.>.#...@Y.#...........#
.....######.)......#.#.........#
.##.........)......#.#.........#
.############....###.#....)....#
.....# #.##.....###.......#
####.###### #.######## #########
#.#....# #.# #.#.##.# #.#
#...##.# #.#


You could see an ice beast.

Vanquished Creatures
  An orc wizard (D:3)
  4 adders
  A worm (D:2)
  2 dart slugs (D:1)
  A leopard gecko (D:1)
  10 orcs
  A ball python (D:4)
  5 giant cockroaches
  5 goblins (D:1)
  2 hobgoblins (D:3)
  6 jackals
  A quokka (D:1)
  4 bats (D:1)
  6 frilled lizards
  2 kobolds
  7 rats
  A spectral orc (D:3)
59 creatures vanquished.

Notes
Turn   | Place    | Note
-------+----------+-------------------------------------------
     0 | D:1      | Descartes the Felid Monk began the quest for the Orb.
     0 | D:1      | Reached XP level 1. HP: 10/10 MP: 2/2
    74 | D:1      | Reached XP level 2. HP: 9/14 MP: 3/3
   568 | D:1      | Reached XP level 3. HP: 17/17 MP: 4/4
  1447 | D:2      | Found a shattered altar of Ashenzari.
  1617 | D:2      | Found a snail-covered altar of Cheibriados.
  1828 | D:2      | Reached XP level 4. HP: 16/21 MP: 5/5
  2199 | D:3      | Found a basalt altar of Yredelemnul.
  2463 | D:3      | Reached skill level 5 in Dodging
  2871 | D:3      | Mangled by an orc
  2872 | D:3      | Reached XP level 3. HP: -6/17 MP: 13/13
  2894 | D:4      | Reached XP level 4. HP: 21/21 MP: 5/5
  2933 | D:4      | Noticed an ice beast
  3292 | D:3      | Slain by an ice beast

Levels and vault maps discovered:
D:1:      psy_arrival_basics, layout_basic, serial_rivers,
          chequers_serial_rivers_small_a, chequers_serial_rivers_marsh,
          chequers_serial_rivers_room_a, chequers_serial_rivers_marsh
D:2:      layout_basic, lemuel_coloured_pillars_altar,
          nicolae_overflow_crystal_walls
D:3:      layout_basic, yredelemnul_forgotten_temple_becter
D:4:      layout_loops_corners, serial_glass, glass_columns_b, glass_columns_c,
          glass_columns_b, glass_columns_a, glass_columns_b, glass_columns_a,
          glass_columns_a, glass_columns_a, glass_columns_b, glass_columns_b,
          glass_columns_a, glass_columns_c, glass_columns_b, glass_columns_a,
          okawaru_ov_weapons_minmay

Skill      XL: |  1  2  3  4 |
---------------+-------------+-----
Stealth        | 3 |  3.9
Dodging        | 5 |  5.1
Unarmed Combat | 4 |  4.2
Fighting       | |  3.6

Action                   |  1- 3 |  4- 6 || total
-------------------------+-------+-------++-------
Melee: Unarmed           |   106 |    70 ||   176
       Bite              |     8 |     8 ||    16
  Use: Potion            |       |     1 ||     1
 Stab: Sleeping          |     5 |     6 ||    11
  Eat: Chunk             |     8 |     7 ||    15
Armor: Skin              |     4 |     1 ||     5
Dodge: Dodged            |   105 |    59 ||   164
